 Dungeon Crawl Stone Soup version 0.27.1-16-g815e20cd7a (webtiles) character file.

Game seed: 18188902623217234180

71 belegose the Bolt Thrower (level 3, -3/29 HPs)
             Began as a Demigod Wanderer on Nov 23, 2021.
             Slain by an orc (6 damage)
             ... on level 2 of the Dungeon.
             The game lasted 00:07:44 (3358 turns).

belegose the Bolt Thrower (Demigod Wanderer)        Turns: 3358, Time: 00:07:44

Health: -3/29      AC:  6    Str: 16    XL:     3   Next: 79%
Magic:  5/5        EV: 11    Int: 16    God:
Gold:   119        SH:  0    Dex: 12    Spells: 2/2 levels left

rFire    + . .     SeeInvis .   a - +0 trident
rCold    . . .     Faith    .   (no shield)
rNeg     . . .     Spirit   .   m - +0 ring mail
rPois    .         Reflect  .   (no helmet)
rElec    .         Harm     .   l - +0 cloak
rCorr    .         Rampage  .   (no gloves)
Will     .....                  (no boots)
Stlth    +.........             (no amulet)
HPRegen  0.09/turn              j - ring of protection from fire
MPRegen  0.09/turn              (no ring)

@: no status effects
A: high mp 1, forlorn
a: no special abilities


You were on level 2 of the Dungeon.
You visited 1 branch of the dungeon, and saw 3 of its levels.

You collected 137 gold pieces.
You spent 18 gold pieces at shops.

Inventory:

Hand Weapons
 a - a +0 trident (weapon)
 b - a +0 hunting sling
 g - a +0 hand crossbow
 k - a +0 dagger
 t - a +0 dagger of draining
Missiles
 c - 3 throwing nets
 e - 23 bolts
 n - 32 sling bullets
 p - 90 stones (quivered)
 u - 3 curare-tipped darts
Armour
 d - a +0 leather armour
 l - a +0 cloak (worn)
 m - a +0 ring mail (worn)
Jewellery
 j - a ring of protection from fire (left hand)
Scrolls
 h - a scroll of teleportation {unknown}
 i - 4 scrolls of identify {unknown}
Potions
 f - 2 potions of curing
 o - a potion of mutation {unknown}
 q - a potion of resistance {unknown}
 r - a potion of attraction {unknown}
 s - a potion of degeneration {unknown}


   Skills:
 + Level 1.7 Fighting
 + Level 2.6 Polearms
 - Level 2.7 Crossbows
 + Level 1.6 Armour
 - Level 1.7 Dodging
 - Level 1.7 Stealth
 - Level 1.0 Shields


You had 2 spell levels left.
You didn't know any spells.
Your spell library contained the following spells:

 Spells                   Type           Power      Damage    Failure   Level
 Passwall                 Tmut/Erth      0%         N/A       56%         2
 Swiftness                Air            0%         N/A       80%         3
 Invisibility             Hex            0%         N/A       100%        6


Dungeon Overview and Level Annotations

Branches:
Dungeon (3/15)

Shops:
D:3 (


Innate Abilities, Weirdness & Mutations

Your attributes grow dramatically as you level up.
You have an increased reservoir of magic. (+10% MP)
You shall have no god before yourself.


Message History

The hobgoblin shouts!
There is a stone staircase leading down here.
You puncture the orc!
The orc is almost dead.
The orc closely misses you.
You puncture the orc!
You kill the orc!
You barely miss the hobgoblin. The hobgoblin hits you.
You closely miss the hobgoblin. The hobgoblin misses you.
You hit the hobgoblin.
The hobgoblin is almost dead.
The hobgoblin hits you but does no damage.
The hobgoblin barely misses you.
You closely miss the hobgoblin.
The hobgoblin is almost dead.
The hobgoblin hits you but does no damage.
You hit the hobgoblin.
You kill the hobgoblin!
i - 4 scrolls labelled HOUGGILULO (gained 1)
Things that are here:
a +0 club; a hobgoblin corpse; an orc corpse You start resting.
HP restored.
There is a stone staircase leading down here.
You climb downwards.
The orc closely misses you. The orc hits you with a +0 flail!
There is a stone staircase leading up here.
The orc hits you with a +0 flail.
You climb upwards.
There is a stone staircase leading down here.
Unknown command.
You barely miss the orc. The orc hits you with a +0 flail!
You hit the orc.
The orc is lightly wounded.
The orc hits you with a +0 flail!
* * * LOW HITPOINT WARNING * * *
You closely miss the orc.
The orc is lightly wounded.
The orc hits you with a +0 flail.
You die...

...............#.##..##<#
##.#####....##..........#
##†#.###########.##..####
##.#..............#..#
...#.###.##.####..#..#
####.................#
.....###.......#.....#### ...#.#
###.#....o....#.(#### ##.#.#
#.#...#@..#.#.#.#.####
#.#.#####.#.#.#)#.#.#...#..#.###
##.#..<..#.......#.#.#.#...#...#.
...#.....#####.#.#.#.....#...#...
####...........#.#.#.#.#...#...#.
..............^..#...#...#..#.###
#........#############.#.#.######
.............[.....# #..####.....
#.._..############.# #### #.####


You could see an orc.

Vanquished Creatures
  2 adders (D:2)
  A worm (D:2)
  2 orcs
  4 bats
  5 endoplasms
  2 giant cockroaches (D:1)
  7 hobgoblins
  A quokka (D:1)
  2 ball pythons
  5 frilled lizards
  8 goblins
  4 kobolds
  3 rats
46 creatures vanquished.

Vanquished Creatures (others)
  A fungus (D:1)
  2 plants (D:1)
3 creatures vanquished.

Grand Total: 49 creatures vanquished

Notes
Turn   | Place    | Note
-------+----------+-------------------------------------------
     0 | D:1      | belegose the Demigod Wanderer began the quest for the Orb.
     0 | D:1      | belegose set off with the following items: a +0 hand
                  | crossbow, 4 throwing nets, a potion of curing, a +0 leather
                  | armour, 23 bolts, a +0 dagger
     0 | D:1      | Reached XP level 1. HP: 14/14 MP: 3/3
   250 | D:1      | You fall into a shaft and drop 1 floor!
   293 | D:2      | Reached XP level 2. HP: 8/22 MP: 4/4
   788 | D:1      | Reached skill level 1 in Fighting
   923 | D:1      | Reached skill level 1 in Armour
  1615 | D:2      | Reached XP level 3. HP: 28/28 MP: 5/5
  2700 | D:3      | Found Zashak's Weapon Shop.
  2709 | D:3      | Bought 3 curare-tipped darts for 18 gold pieces
  3358 | D:2      | Slain by an orc

Illustrated notes

Levels and vault maps discovered:
D:1:      denvon_arrival_planthouse, layout_loops_ring,
          shapermc_ecumenical_altar_mp_ritualfount
D:2:      minmay_spotlight, layout_basic, basic_altar
D:3:      layout_rooms, serial_shops,
          nicolae_shop_temple_entry_statues_fountains

Skill      XL: |  1  2 |
---------------+-------+-----
Polearms       | 2 |  2.6
Fighting       | 1 |  1.7
Armour         | 1 |  1.6
Crossbows      | |  2.7
Dodging        | |  1.7
Stealth        | |  1.7
Shields        | |  1.0

Action                   || total
-------------------------++-------
Melee: Unarmed           ||    22
       Trident           ||   170
 Fire: Hand crossbow     ||     1
       Hunting sling     ||    18
Throw: Throwing net      ||     1
 Stab: Sleeping          ||     2
Armor: Leather armour    ||    13
       Ring mail         ||    67
Dodge: Dodged            ||    97
